 Dungeon Crawl Stone Soup version 0.31-a0-700-gf13585253f (webtiles) character file.

Game seed: 13268152156125611394

4149 cforsyth the Fighter (level 10, -2/80 HPs)
             Began as a Djinni Chaos Knight on Sept 7, 2023.
             Was a Plaything of Xom.
             Slain by a two-headed ogre
             ... wielding a +0 giant spiked club
              (25 damage)
             ... on level 8 of the Dungeon.
             The game lasted 00:22:37 (10000 turns).

cforsyth the Fighter (Djinni Chaos Knight)         Turns: 10000, Time: 00:22:38

Health: -2/80      AC:  8    Str: 15    XL:     10   Next: 52%
Gold:   442        EV: 12    Int: 20    God:    Xom [.....*] SH:  0 Dex: 11

rFire   + + +        H - +9 falchion of Purpose {speed, rF+ rC+ Will- Int+2}
rCold   . . .        (no shield)
rNeg    . . .        b - +2 leather armour
rPois   ∞            o - +1 helmet
rElec   .            G - +0 cloak
rCorr   .            (no gloves)
SInv    .            (boots unavailable)
Will    +....        (no amulet)
Stlth   +            f - +4 ring of slaying
HPRegen 0.33/turn    D - ring of willpower
MPRegen 0.00/turn

%: infuse magic (-3 HP)
@: flying, very slightly contaminated, slowed, very slow
A: sickness immunity, fire resistance 2, cold vulnerability 1, float, innate
caster, HP casting, extra vitality 1, sense surroundings 1, screaming 2, strong
1
a: Renounce Religion


You were on level 8 of the Dungeon.
You worshipped Xom.
You were Xom's teddy bear.
You visited 1 branch of the dungeon, and saw 8 of its levels.
You also visited: Ossuary.

You collected 442 gold pieces.

Inventory:

Hand Weapons
 a - a +0 falchion of chaos
 H - the +9 falchion of Purpose (weapon) {speed, rF+ rC+ Will- Int+2}
   (You found it on level 7 of the Dungeon)

   Int+2:     It affects your intelligence (+2).
   rF+:       It protects you from fire.
   rC+:       It protects you from cold.
   Will-:     It decreases your willpower.
Armour
 b - a +2 leather armour (worn)
 o - a +1 helmet (worn)
 w - a +0 buckler
 G - a +0 cloak (worn)
Jewellery
 f - a +4 ring of slaying (left hand)
 C - a +6 ring of strength
 D - a ring of willpower (right hand)
 F - a ring of protection from fire
Wands
 n - a wand of polymorph (6)
 y - a wand of charming (8)
 B - a wand of flame (14)
Scrolls
 g - 2 scrolls of fog
 j - a scroll of enchant armour
 m - 3 scrolls of butterflies
 q - a scroll of enchant weapon {unknown}
 r - 2 scrolls of noise {unknown}
 s - 3 scrolls of blinking {unknown}
 u - 2 scrolls of poison {unknown}
 v - a scroll of silence {unknown}
 x - a scroll of immolation {unknown}
 z - a scroll of acquirement {unknown}
 A - 2 scrolls of revelation
 E - a scroll of fear {unknown}
 I - 2 scrolls of teleportation
Potions
 c - 2 potions of invisibility
 d - 4 potions of lignification
 e - 5 potions of curing
 h - 5 potions of mutation
 i - 2 potions of enlightenment
 k - a potion of heal wounds {unknown}
 l - 2 potions of brilliance
 p - 2 potions of haste
 t - a potion of attraction {unknown}
 J - a potion of berserk rage {unknown}


   Skills:
 + Level 10.1 Fighting
 - Level 3.2 Long Blades
 - Level 2.0 Armour
 - Level 3.0 Dodging
 - Level 5.0 Shields
 + Level 6.6 Spellcasting
 + Level 6.6 Conjurations
 + Level 6.6 Hexes
   Level 0.0 Charms
 + Level 6.6 Summonings
 + Level 6.6 Necromancy
 + Level 6.6 Translocations
 + Level 6.6 Transmutations
 + Level 6.6 Fire Magic
 + Level 6.6 Ice Magic
 + Level 6.6 Air Magic
 + Level 6.6 Earth Magic
 + Level 6.6 Poison Magic


You knew the following spells:

 Your Spells              Type           Power      Damage    Failure   Level
a - Sandblast             Erth           66%        2d15      1%          1
b - Poisonous Vapours     Pois/Air       66%        N/A       1%          2
c - Volatile Blastmotes   Fire/Tloc      66%        2d15      2%          3
d - Cause Fear            Hex            16%        N/A       8%          4
Your spell library was empty.

Dungeon Overview and Level Annotations

Branches:
Dungeon (8/15)             Temple (0/1) D:5         Ossuary (visited)
   Lair: D:8-11

Altars:
Gozag
Wu Jian

Shops:
D:4 =   D:5 *

Portals:
Bailey: D:8


Innate Abilities, Weirdness & Mutations

You are immune to sickness and miasma.
You are immune to poison.
Your flesh is very heat resistant. (rF++)
You are vulnerable to cold. (rC-)
You float through the air rather than walking.
You learn spells naturally, not from books.
Your magical power is your life essence.
You have superior vitality. (+4 MHP)
You passively map a small area around you.
You frequently scream uncontrollably at your foes.
Your muscles are strong. (Str +4, Int/Dex -1)


Message History

You slash the bullfrog!
You kill the bullfrog!
The orc hits you but does no damage.
You barely miss the orc.
The orc is heavily wounded.
You slash the orc!
You kill the orc!
Things that are here:
a +0 flail; an orc corpse
There is a stone staircase leading down here.
You fly downwards.
You hear the roar of battle.
There is an entrance to a bailey on this level.
Hurry and find it before the portal closes forever!
The two-headed ogre shouts in stereo!
The orc closely misses you.
There is a stone staircase leading up here.
Casting: Volatile Blastmotes (mildly dangerous; 2% risk of failure)
Confirm with . or Enter, or press ? or * to list all spells.
Casting: Cause Fear (dangerous; 8% risk of failure)
Press: ? - help, Dir - look around, f - activate The orc warrior looks frightened!
The orc looks frightened!
The two-headed ogre resists with almost no effort.
Casting: Cause Fear (dangerous; 8% risk of failure)
Confirm with . or Enter, or press ? or * to list all spells.
Casting: Cause Fear (dangerous; 8% risk of failure)
Press: ? - help, Dir - look around, f - activate You miscast Cause Fear.
You are very lightly contaminated with residual magic.
You feel a bit tired.
You feel yourself slow down.
The two-headed ogre hits you with a +0 giant spiked club!
The two-headed ogre closely misses you.
Casting: Cause Fear (dangerous; 8% risk of failure)
Confirm with . or Enter, or press ? or * to list all spells.
Casting: Cause Fear (dangerous; 8% risk of failure)
Press: ? - help, Dir - look around, f - activate The two-headed ogre resists with almost no effort.
* * * LOW HITPOINT WARNING * * *
The two-headed ogre hits you with a +0 giant spiked club!!
You die...
Xom laughs nastily!

, #...8.....8..
#........o...
####............
, #
....8....∩o...8
#.##.#...........
#.........[......
,,
#.....8.....8.. *
* #.##..O..8.....
, ,#†..@.####.#.
, , * #"##### ,,
, , #.# *, , **
#.. , * * #..., ,
* #.##. * * , * ,
...,.. * , * *
##. ## * .


You could see a two-headed ogre, an orc warrior (fleeing) and an orc (fleeing).

Vanquished Creatures
  A two-headed ogre (D:6)
  Grinder (D:5)
  Sigmund (D:3)
  Eustachio (D:6)
  Edmund (D:5)
  3 water moccasins
  4 sky beasts
  2 black bears
  An ice beast (D:5)
  An ogre (D:5)
  A phantom (D:2)
  4 bullfrogs
  2 gnoll sergeants
  2 scorpions (D:5)
  4 wights (D:7)
  A howler monkey (D:6)
  3 hounds
  5 jellies
  2 centaur zombies (Ossuary)
  Crazy Yiuf (D:6)
  3 orc priests
  Ijyb (D:5)
  A sleepcap (D:4)
  5 iguanas
  6 orc wizards
  3 mummies (Ossuary)
  Robin (D:3)
  11 gnolls
  6 adders
  A white imp (D:7)
  2 ufetubi
  3 dart slugs (D:3)
  14 orcs
  4 bats
  5 endoplasms
  3 giant cockroaches
  16 goblins
  8 hobgoblins
  5 quokkas
  4 ball pythons
  4 frilled lizards
  3 hobgoblin zombies (Ossuary)
  7 kobolds
  4 rats
161 creatures vanquished.

Vanquished Creatures (collateral kills)
  An orc wizard (D:5)
  An endoplasm (D:3)
2 creatures vanquished.

Grand Total: 163 creatures vanquished

Notes
Turn   | Place    | Note
-------+----------+-------------------------------------------
     0 | D:1      | cforsyth the Djinni Chaos Knight began the quest for the
                  | Orb.
     0 | D:1      | Reached XP level 1. HP: 20/20 MP: 0/0
   126 | D:1      | Found a faded altar of an unknown god.
   183 | D:1      | XOM: silly message
   193 | D:1      | Reached XP level 2. HP: 25/25 MP: 0/0
   576 | D:2      | Reached XP level 3. HP: 30/30 MP: 0/0
   576 | D:2      | Learned a level 1 spell: Sandblast
   618 | D:2      | XOM: enchant monster (bad)
   839 | D:2      | Reached XP level 4. HP: 35/35 MP: 0/0
   895 | D:2      | XOM: 1-stop teleportation journey
  1129 | D:2      | XOM: scenery: 1 doors open
  1675 | D:3      | Noticed a phantom
  1683 | D:3      | Noticed Sigmund
  1683 | D:3      | Noticed Robin
  1683 | D:3      | XOM: 9-stop teleportation journey
  1828 | D:3      | XOM: scenery: 1 doors open
  1859 | D:3      | Reached XP level 5. HP: 38/41 MP: 0/0
  1859 | D:3      | Learned a level 2 spell: Poisonous Vapours
  1894 | D:3      | XOM: 1-stop teleportation journey
  1957 | D:3      | XOM: god gift: book of Minor Magic
  1962 | D:3      | XOM: potion effect (attraction)
  1989 | D:2      | Reached skill level 4 in Fighting
  1989 | D:2      | Reached skill level 1 in Spellcasting
  1989 | D:2      | Reached skill level 1 in Conjurations
  1989 | D:2      | Reached skill level 1 in Hexes
  1989 | D:2      | Reached skill level 1 in Summonings
  1989 | D:2      | Reached skill level 1 in Necromancy
  1989 | D:2      | Reached skill level 1 in Translocations
  1989 | D:2      | Reached skill level 1 in Transmutations
  1989 | D:2      | Reached skill level 1 in Fire Magic
  1989 | D:2      | Reached skill level 1 in Ice Magic
  1989 | D:2      | Reached skill level 1 in Air Magic
  1989 | D:2      | Reached skill level 1 in Earth Magic
  1989 | D:2      | Reached skill level 1 in Poison Magic
  2178 | D:2      | XOM: cast spell 'Summon Ice Beast'
  2419 | D:3      | XOM: cloud trail
  2455 | D:3      | Noticed a black bear
  2465 | D:3      | XOM: summons 2 friendly demons
  2494 | D:3      | XOM: scenery: 1 doors open
  2502 | D:3      | Killed a black bear
  2503 | D:3      | Reached XP level 6. HP: 25/49 MP: 0/0
  2564 | D:3      | Killed Robin
  2577 | D:3      | XOM: chaos upgrade
  2589 | D:3      | XOM: confuse monster(s)
  2652 | D:3      | XOM: enchant monster (good)
  2846 | D:2      | XOM: divination: magic mapping
  2853 | D:2      | XOM: potion effect (heal wounds)
  2889 | D:2      | Reached skill level 5 in Fighting
  3031 | D:3      | Reached XP level 7. HP: 50/54 MP: 0/0
  3031 | D:3      | Learned a level 3 spell: Volatile Blastmotes
  3177 | D:3      | XOM: summons 1 hostile demon
  3439 | D:3      | XOM: cloud trail
  3678 | D:3      | Killed Sigmund
  3754 | D:3      | XOM: 5-stop teleportation journey
  3783 | D:3      | XOM: noise
  4073 | D:4      | Found a sand-covered staircase.
  4078 | Ossuary  | Entered an ossuary
  4093 | Ossuary  | Reached skill level 6 in Fighting
  4098 | Ossuary  | XOM: destruction
  4127 | Ossuary  | XOM: summons 2 hostile shadow creatures
  4173 | Ossuary  | XOM: enchant monster (good)
  4389 | D:4      | Reached XP level 8. HP: 55/61 MP: 0/0
  4483 | D:4      | XOM: cast spell 'Summon Ice Beast'
  4672 | D:4      | Found Cebey's Jewellery Boutique.
  4753 | D:4      | Found an ornate altar of the Wu Jian Council.
  4988 | D:4      | XOM: give mutations
  4988 | D:4      | Gained mutation: Your muscles are strong. (Str +4, Int/Dex
                  | -1) [Xom's grace]
  4988 | D:4      | Gained mutation: You passively map a small area around you.
                  | [Xom's grace]
  5134 | D:5      | Entered Level 5 of the Dungeon
  5258 | D:5      | XOM: noise
  5385 | D:5      | XOM: noise
  5388 | D:5      | Reached skill level 7 in Fighting
  5415 | D:5      | Reached skill level 1 in Shields
  5547 | D:5      | Found Qessuneg's Serpentskin Sales.
  5548 | D:5      | XOM: noise
  5555 | D:5      | XOM: smoke on damage
  5558 | D:5      | Reached XP level 9. HP: 40/68 MP: 0/0
  5558 | D:5      | Learned a level 4 spell: Cause Fear
  5671 | D:5      | Noticed Ijyb
  5683 | D:5      | Killed Ijyb
  5866 | D:5      | XOM: silly message
  5965 | D:5      | Noticed Grinder
  5992 | D:5      | XOM: summons friendly white imp
  5994 | D:5      | Noticed Edmund
  6000 | D:5      | XOM: summons friendly white imp
  6201 | D:5      | XOM: noise
  6285 | D:5      | Reached skill level 8 in Fighting
  6347 | D:5      | HP: 3/70 [orc priest/divine providence (13)]
  6352 | D:5      | XOM: confuse monster(s)
  6785 | D:5      | Found a staircase to the Ecumenical Temple.
  6817 | D:5      | XOM: confuse monster(s)
  6822 | D:5      | XOM: silly message
  6829 | D:5      | Killed Grinder
  6830 | D:5      | Reached skill level 5 in Spellcasting
  6830 | D:5      | Reached skill level 5 in Conjurations
  6830 | D:5      | Reached skill level 5 in Hexes
  6830 | D:5      | Reached skill level 5 in Summonings
  6830 | D:5      | Reached skill level 5 in Necromancy
  6830 | D:5      | Reached skill level 5 in Translocations
  6830 | D:5      | Reached skill level 5 in Transmutations
  6830 | D:5      | Reached skill level 5 in Fire Magic
  6830 | D:5      | Reached skill level 5 in Ice Magic
  6830 | D:5      | Reached skill level 5 in Air Magic
  6830 | D:5      | Reached skill level 5 in Earth Magic
  6830 | D:5      | Reached skill level 5 in Poison Magic
  6877 | D:5      | XOM: noise
  6882 | D:5      | XOM: summons 1 hostile demon
  7401 | D:5      | Killed Edmund
  7593 | D:6      | Noticed Eustachio
  7593 | D:6      | XOM: blink monster(s)
  7595 | D:6      | XOM: enchant monster (bad)
  7598 | D:6      | XOM: summons 4 hostile shadow creatures
  7606 | D:6      | Found an opulent altar of Gozag.
  7631 | D:6      | Killed Eustachio
  7927 | D:6      | XOM: confusion
  7966 | D:6      | XOM: summons 3 hostile shadow creatures
  8086 | D:6      | XOM: stat loss: -1 Int (17/18)
  8118 | D:6      | XOM: noise
  8218 | D:6      | Noticed a two-headed ogre
  8227 | D:6      | Killed a two-headed ogre
  8228 | D:6      | Reached skill level 9 in Fighting
  8228 | D:6      | Reached skill level 5 in Shields
  8228 | D:6      | Reached XP level 10. HP: 69/78 MP: 0/0
  8336 | D:6      | XOM: 7-stop teleportation journey
  8417 | D:6      | XOM: 9-stop teleportation journey
  8674 | D:6      | Found a runed translucent door.
  8675 | D:6      | Noticed Crazy Yiuf
  8742 | D:6      | XOM: give mutations
  8742 | D:6      | Gained mutation: You occasionally shout uncontrollably at
                  | your foes. [Xom's mischief]
  8742 | D:6      | Gained mutation: You frequently scream uncontrollably at
                  | your foes. [Xom's mischief]
  8872 | D:6      | Killed Crazy Yiuf
  9002 | D:7      | Identified the +9 falchion of Purpose {speed, rF+ rC+ Will-
                  | Int+2}
  9021 | D:7      | XOM: divination: detect items
  9110 | D:7      | XOM: noise
  9598 | D:7      | XOM: silly message
  9659 | D:7      | Reached skill level 10 in Fighting
  9711 | D:7      | XOM: divination: detect creatures
  9880 | D:7      | XOM: divination: magic mapping
  9952 | D:8      | Found a flagged portal.
  9997 | D:8      | Noticed a two-headed ogre
 10000 | D:8      | Slain by a two-headed ogre

Illustrated notes

Levels and vault maps discovered:
D:1:      minmay_arrival_four_loops, layout_rooms,
          hellmonk_ecumenical_altar_inner_sanctum
D:2:      wad_woods_tower, layout_basic
D:3:      layout_basic, mainiacjoe_overflow_small_starburst, grunt_decor_cap,
          uniq_robin, uniq_sigmund
D:4:      layout_gridville, pdpol_wu_jian_five_deadly_venoms, serial_shops,
          nicolae_stop_n_shop_2, nicolae_ossuary_entry_ruins
D:5:      black_bear_nest_1, layout_rooms, minmay_temple_entry_hall,
          guppyfry_shop_venom, uniq_grinder, uniq_ijyb, uniq_edmund
D:6:      layout_basic, lemuel_crystal_altar, lightli_corner_chamber,
          uniq_crazy_yiuf_cottage, uniq_eustachio
D:7:      layout_basic, minmay_misc_feat_square
D:8:      layout_basic, enter_bailey_6, serial_shops, shop, grunt_tough_drop

Skill      XL: |  1  2  3  4  5  6  7  8  9 10 |
---------------+-------------------------------+-----
Long Blades    | 3 |  3.2
Armour         | 2 |  2.0
Dodging        | 3 |  3.0
Fighting       | 4 5 6 7 9 10 | 10.1
Spellcasting   | 2 3 4 5 6 |  6.6
Conjurations   | 2 3 4 5 6 |  6.6
Hexes          | 2 3 4 5 6 |  6.6
Summonings     | 2 3 4 5 6 |  6.6
Necromancy     | 2 3 4 5 6 |  6.6
Translocations | 2 3 4 5 6 |  6.6
Transmutations | 2 3 4 5 6 |  6.6
Fire Magic     | 2 3 4 5 6 |  6.6
Ice Magic      | 2 3 4 5 6 |  6.6
Air Magic      | 2 3 4 5 6 |  6.6
Earth Magic    | 2 3 4 5 6 |  6.6
Poison Magic   | 2 3 4 5 6 |  6.6
Shields        | 2 5 |  5.0

Action                     |  1- 3 |  4- 6 |  7- 9 | 10-12 || total
---------------------------+-------+-------+-------+-------++-------
  Melee: Falchion          |    77 |   191 |    42 |    18 ||   328
         Unarmed           |       |     1 |       |       ||     1
         Punch             |       |     1 |       |       ||     1
   Cast: Sandblast         |       |    25 |       |       ||    25
         Poisonous Vapours |       |    13 |    38 |    20 ||    71
         Volatile Blastmot |       |       |   108 |    43 ||   151
         Cause Fear        |       |       |     9 |     3 ||    12
    Use: Scroll            |       |     1 |    15 |       ||    16
 Armour: Leather armour    |    38 |   171 |   153 |    32 ||   394
         Skin              |       |     2 |       |       ||     2
  Dodge: Dodged            |    47 |   127 |    80 |    13 ||   267

Table legend: (Time is in decaauts)
 A = Elapsed time spent in this place.
 B = Non-inter-level travel time spent in this place.
 C = Inter-level travel time spent in this place.
 D = Time resting spent in this place.
 E = Time spent auto-exploring this place.
 F = Levels seen in this place.
 G = Mean time per level.
                   A        B        C        D        E       F      G
               +--------+--------+--------+--------+--------+-----+--------+
         Total |  10055 |   9862 |    193 |   1499 |   6277 |   9 | 1117.2 |
       Dungeon |   9958 |   9765 |    193 |   1483 |   6277 |   8 | 1244.8 |
       Ossuary |     96 |     96 |      0 |     16 |      0 |   1 |   96.0 |
               +--------+--------+--------+--------+--------+-----+--------+

Top non-repeatable levels by time:
     D:2: 1810 daAuts
     D:4: 1762 daAuts
     D:3: 1683 daAuts
     D:5: 1677 daAuts
     D:6: 1445 daAuts
     D:7: 981 daAuts
     D:1: 574 daAuts
 Ossuary: 96 daAuts
     D:8: 24 daAuts
